Map: Eastwatch LE

Players

DaeR - Winner!

  • Race: Terran Terran
  • League: Platinum
  • Spawn Location: 7:00

Juxtapose

  • Race: Protoss Protoss
  • League: Platinum
  • Spawn Location: 1:00

VOD

https://youtu.be/OhofidG1Yks

Description

My opponent and I both go for a double harass, which gave me a chuckle.

It is matches like this though in which I find myself missing the Mothership Core.

Time

  • Played on: Feb. 5, 2018, 7:16 p.m.
  • Length: 9:24
Show
View Real Time Build Order
Export as new Build Order

DaeR Terran - Winner!

Build Orders: Cyclone Opening, MMM Bio 

Get SALT Encoding   

  12  0:01  SCV  
  13  0:14  SCV  
  14  0:20  Supply Depot  
  14  0:27  Refinery  
  14  0:29  SCV  
  15  0:41  SCV  
  16  0:52  Barracks  
  16  0:56  SCV  
  17  1:10  SCV, Refinery  
  18  1:22  SCV  
  20  1:43  Barracks Tech Lab  
  20  1:44  Orbital Command  
  20  1:46  Factory  
  19  1:58  Supply Depot  
  19  2:03  Stimpack  
  19  2:08  Marine  
  20  2:14  SCV  
  21  2:26  SCV  
  21  2:28  Marine  
  23  2:31  Starport  
  23  2:38  SCV  
  24  2:45  Cyclone  
  24  2:47  Marine  
  28  2:53  Supply Depot  
  28  3:05  Marine  
  29  3:09  Medivac  
  31  3:19  SCV  
  32  3:20  Cyclone  
  32  3:23  Marine  
  36  3:27  Supply Depot  
  36  3:39  Medivac  
  36  3:41  Marine  
  39  3:58  Marine  
  39  4:00  Command Center  
  36  4:16  Marine  
  32  4:34  Marine  
  33  4:43  SCV  
  34  4:52  Marine  
  33  5:15  Orbital Command  
  33  5:18  Marine  
  34  5:23  SCV  
  35  5:29  Factory Tech Lab, Starport Reactor  
  35  5:30  Barracks  
  35  5:33  Barracks  
  35  5:35  SCV  
  29  6:26  Marine  
  29  6:29  Barracks Reactor x2  
  29  6:31  SCV  
  31  6:43  SCV  
  32  6:48  SCV  
  32  6:52  Medivac x2  
  32  6:53  Marine, Siege Tank  
  41  6:55  SCV  
  41  6:56  Combat Shields  
  41  7:00  SCV  
  43  7:07  SCV, Marine x4, Supply Depot  
  48  7:11  Marine  
  48  7:12  SCV  
  50  7:19  SCV  
  51  7:24  SCV  
  51  7:25  Marine x2  
  51  7:28  Marine x2, Siege Tank  
  51  7:29  Marine  
  60  7:36  SCV  
  61  7:40  Barracks  
  61  7:43  Barracks  
  61  7:49  SCV  
  62  7:51  SCV  
  62  7:54  Marine  
  62  7:55  Marine x2  
  66  8:01  SCV  
  66  8:03  SCV  
  68  8:14  SCV  
  68  8:15  SCV  
  68  8:19  Supply Depot  
  70  8:21  Supply Depot  
  70  8:31  Barracks Reactor x2  
  70  8:39  Refinery  
  70  8:41  SCV x2, Marine x2, Siege Tank  
  77  8:42  Refinery  
  77  8:43  Medivac x2  
  77  8:44  Marine x2  
  83  8:51  Supply Depot  
  83  8:53  SCV x2  
  83  8:55  Supply Depot  
  85  9:05  SCV  
Show
View Real Time Build Order
Export as new Build Order

Juxtapose Protoss 

Build Orders: Oracle Opening 

Get SALT Encoding   

  12  0:01  Probe  
  13  0:13  Probe  
  14  0:19  Pylon  
  14  0:25  Probe  
  15  0:37  Probe  
  15  0:39  Gateway  
  16  0:49  Probe  
  17  0:52  Assimilator  
  17  1:00  Assimilator  
  17  1:01  Probe  
  18  1:11  Pylon  
  18  1:13  Probe  
  19  1:26  Probe  
  20  1:33  Cybernetics Core  
  20  1:38  Probe  
  21  1:41  Zealot  
  23  1:52  Probe  
  24  1:59  Pylon  
  24  2:04  Probe  
  25  2:14  Stargate  
  25  2:17  Warp Gate  
  25  2:39  Pylon  
  25  2:45  Gateway  
  25  2:54  Probe  
  25  2:55  Oracle (Chrono Boost)  
  29  3:14  Nexus  
  29  3:23  Stalker  
  31  3:34  Stalker  
  31  3:40  Pylon  
  33  3:43  Pylon  
  33  3:51  Forge  
  30  4:32  Probe  
  25  4:44  Probe  
  18  4:46  Stalker x2  
  21  4:56  Probe  
  22  5:04  Probe  
  23  5:08  Probe  
  24  5:17  Probe  
  25  5:25  Probe  
  26  5:28  Stalker  
  26  5:29  Stalker  
  26  5:30  Probe  
  31  5:38  Pylon, Probe  
  31  5:42  Probe  
  33  5:44  Assimilator  
  33  5:46  Assimilator  
  31  5:50  Probe  
  31  5:54  Probe  
  28  6:02  Probe  
  28  6:03  Stalker x2  
  23  6:15  Probe  
  20  6:28  Probe  
  20  6:32  Stalker x2  
  23  6:40  Probe  
  23  6:41  Photon Cannon  
  24  6:52  Probe  
  25  7:00  Photon Cannon  
  25  7:05  Probe (Chrono Boost)  
  27  7:09  Probe (Chrono Boost)  
  27  7:14  Probe (Chrono Boost)  
  28  7:17  Probe (Chrono Boost)  
  29  7:23  Probe  
  29  7:28  Probe (Chrono Boost)  
  32  7:40  Probe x2 (Chrono Boost)  
  33  7:46  Probe (Chrono Boost)  
  33  7:48  Probe (Chrono Boost)  
  35  7:52  Stalker x2  
  35  7:54  Probe (Chrono Boost)  
  41  8:06  Probe (Chrono Boost)  
  41  8:07  Void Ray (Chrono Boost)  
  41  8:11  Probe (Chrono Boost)  
  46  8:22  Probe (Chrono Boost)  
  46  8:24  Probe (Chrono Boost)  
  46  8:27  Probe (Chrono Boost)  
  48  8:33  Probe (Chrono Boost)  
  50  8:38  Stalker x2  
  55  8:43  Probe (Chrono Boost)  
  55  8:44  Probe (Chrono Boost)  
  56  8:49  Probe (Chrono Boost)  
  56  8:50  Probe (Chrono Boost)  
  62  8:59  Probe  
  62  9:01  Probe  
Tags
 
Add a new tag
Caveats
  • Supply blocks, unpowered buildings, or Contaminate may cause inaccurate times.
  • Supply counts are checked every 10 seconds.